 Dungeon Crawl Stone Soup version 0.31.0-12-g77e489cdc1 (webtiles) character file.

Game seed: 1003352989213441254

116 Doomgape the Shield-Bearer (level 4, -2/45 HPs)
             Began as a Troll Fighter on Mar 4, 2024.
             Slain by Menkaure (14 damage)
             ... on level 4 of the Dungeon.
             The game lasted 00:05:07 (2585 turns).

Doomgape the Shield-Bearer (Troll Fighter)          Turns: 2585, Time: 00:05:08

Health: -2/45      AC:  6    Str: 24 (26) XL:     4   Next: 69%
Magic:  3/3        EV:  8    Int:  1 (4)  God:
Gold:   191        SH:  7    Dex:  6 (9)  Spells: 3/3 levels left

rFire   . . .        a - +0 flail
rCold   . . .        c - +0 kite shield
rNeg    . . .        b - +0 robe
rPois   .            (helmet restricted)
rElec   .            p - +1 cloak
rCorr   .            (gloves unavailable)
SInv    .            (boots unavailable)
Will    .....        (no amulet)
Stlth   +            (no ring)
HPRegen 1.07/turn    (no ring)
MPRegen 0.08/turn

%: no passive effects
@: attractive
A: large, unfitting armour, claws 3, regeneration 1, shaggy fur 1, tough skin 1
a: no special abilities


You were on level 4 of the Dungeon.
You visited 1 branch of the dungeon, and saw 4 of its levels.

You collected 191 gold pieces.

Inventory:

Hand Weapons
 a - a +0 flail (weapon)
Armour
 b - a +0 robe (worn)
 c - a +0 kite shield (worn)
 p - a +1 cloak (worn)
Scrolls
 e - 2 scrolls of revelation {unknown}
 m - a scroll of noise {unknown}
 n - a scroll of teleportation {unknown}
 o - 3 scrolls of identify {unknown}
 q - a scroll of brand weapon {unknown}
Potions
 d - a potion of might
 f - a potion of curing
 g - a potion of haste {unknown}
 h - 2 potions of heal wounds {unknown}
 i - a potion of degeneration
 j - a potion of mutation {unknown}
 k - a potion of attraction
 l - a potion of invisibility {unknown}


   Skills:
 + Level 3.1 Fighting
 + Level 2.6 Maces & Flails
 + Level 3.1 Dodging
 + Level 3.3 Shields


You had 3 spell levels left.
You didn't know any spells.
Your spell library contained the following spells:

 Spells                   Type           Power      Damage    Failure   Level
 Leda's Liquefaction      Alch/Erth      0%         N/A       100%        4
 Lee's Rapid Deconstruct  Erth           0%         3d4*      100%        5
 Bombard                  Conj/Erth      0%         9d1       100%        6


Dungeon Overview and Level Annotations

Branches:
Dungeon (4/15)
 Temple: D:4-7

Altars:

Annotations:
D:4 Menkaure


Innate Abilities, Weirdness & Mutations

You are too large for most types of armour.
You have claws for hands.
Your natural rate of healing is unusually fast.
You are covered in fur. (AC +1)
You have tough skin. (AC +1)


Message History

Menkaure shouts!
Menkaure is nearby!
Menkaure sighs, "It doesn't hurt if you pull your brain out of your nose yourself."
Menkaure calls on the powers of darkness!
Your body is wracked with pain!
A ball python comes into view.
The ball python hisses angrily.
You aren't carrying any items that you can evoke.
Unknown command.
It was a potion of attraction.
You feel attractive to monsters.
The ball python is attracted toward you.
It was a potion of degeneration.
There was something very wrong with that liquid.
You feel weakened.
You feel dopey.
You feel clumsy.
Menkaure points at you and mumbles some strange words.
Pain shoots through your body!
It was a potion of curing.
You feel better.
Menkaure casts a spell.
Menkaure seems to speed up.
Unknown command.
You sock Menkaure!
Menkaure is heavily damaged.
Menkaure hits you!
You sock Menkaure!
Menkaure is almost destroyed.
Menkaure blazes with dark energy!
Menkaure calls on the powers of darkness!
Your body is wracked with pain!
* * * LOW HITPOINT WARNING * * *
Menkaure closely misses you.
You barely miss Menkaure.
Menkaure is almost destroyed.
Menkaure says, "Why can't you leave me to my rest?"
You block Menkaure's attack. Menkaure barely misses you.
Unknown command.
You barely miss Menkaure.
Menkaure is almost destroyed.
Menkaure hits you!
You die...

...####
########...[#
...#
#.........###
.>.#
#.........#
#.##
#####.........#
#.#
........#####.#
#.# ........#
#.# #+#
........#####.#
........'...#.#
........###@#.#
........# #M#.#
######### #S#
#.# #.# #.# #.#
#.#


You could see Menkaure (fast) and a ball python.

Vanquished Creatures
  An orc wizard (D:3)
  Robin (D:2)
  2 adders
  A dart slug (D:3)
  2 orcs (D:3)
  5 bats
  5 endoplasms
  3 giant cockroaches
  6 goblins
  6 hobgoblins
  3 jackals (D:3)
  3 quokkas
  3 ball pythons
  2 frilled lizards
  6 kobolds
  3 rats
52 creatures vanquished.

Notes
Turn   | Place    | Note
-------+----------+-------------------------------------------
     0 | D:1      | Doomgape the Troll Fighter began the quest for the Orb.
     0 | D:1      | Reached XP level 1. HP: 22/22 MP: 0/0
   289 | D:1      | Reached XP level 2. HP: 29/29 MP: 1/1
   796 | D:2      | Noticed Robin
   816 | D:2      | Killed Robin
   817 | D:2      | Reached XP level 3. HP: 36/36 MP: 2/2
  1481 | D:3      | Reached XP level 4. HP: 32/44 MP: 3/3
  2577 | D:4      | Noticed Menkaure
  2585 | D:4      | Slain by Menkaure

Illustrated notes

Levels and vault maps discovered:
D:1:      minmay_arrival_jagged, layout_loops_ring,
          hangedman_decor_diamond_cutter
D:2:      layout_rooms, uniq_robin
D:3:      layout_basic
D:4:      layout_basic, uniq_menkaure

Skill      XL: |  1  2  3  4 |
---------------+-------------+-----
Maces & Flails | 2 |  2.6
Shields        | 3 |  3.3
Fighting       | 3 |  3.1
Dodging        | 3 |  3.1

Action                     |  1- 3 |  4- 6 || total
---------------------------+-------+-------++-------
  Melee: Flail             |   162 |    40 ||   202
    Use: Scroll            |     1 |       ||     1
         Potion            |       |     3 ||     3
   Stab: Sleeping          |     1 |       ||     1
 Armour: Robe              |   119 |    21 ||   140
  Dodge: Dodged            |    83 |    16 ||    99
  Block: Kite shield       |    81 |    14 ||    95
